 Dungeon Crawl Stone Soup version 0.22-a0-512-g0943f25 (webtiles) character file.

939 Rhok the Spear-Bearer (level 8, -32/64 HPs)
             Began as a Merfolk Hunter on June 18, 2018.
             Was a Follower of Makhleb.
             Killed from afar by a bullfrog (40 damage)
             ... with an exploding inner flame
             ... hexed by the player character
             ... on level 6 of the Dungeon.
             The game lasted 00:19:18 (9632 turns).

Rhok the Spear-Bearer (Merfolk Hunter)              Turns: 9632, Time: 00:19:19

Health: -32/64     AC:  8    Str: 16    XL:     8   Next: 12%
Magic:  8/8        EV: 11    Int: 10    God:    Makhleb [*.....]
Gold:   329        SH:  0    Dex: 19    Spells: 7/7 levels left

rFire    . . .     SeeInvis .   h - +0 spear
rCold    . . .     Gourm    .   (no shield)
rNeg     . . .     Faith    .   B - +0 scale mail
rPois    .         Spirit   .   (helmet restricted)
rElec    .         Reflect  .   (no cloak)
rCorr    .         Harm     .   e - +1 pair of gloves
MR       .....                  (no boots)
Stlth    +.........             (no amulet)
HPRegen  0.20/turn              p - +2 ring of strength
MPRegen  0.11/turn              u - +4 ring of dexterity

@: no status effects
A: change form in water, swift swim, stealthy swim, horns 1, MP-powered wands
a: Renounce Religion


You were on level 6 of the Dungeon.
You worshipped Makhleb.
Makhleb was aware of your devotion.
You were not hungry.

You visited 1 branch of the dungeon, and saw 6 of its levels.

You collected 329 gold pieces.

Inventory:

Hand Weapons
 h - a +0 spear (weapon)
 z - a +2 dagger of flaming
Missiles
 c - 6 javelins (quivered)
 d - 2 throwing nets
 A - 5 tomahawks of returning
Armour
 e - a +1 pair of gloves (worn)
 B - a +0 scale mail (worn)
Jewellery
 p - a +2 ring of strength (left hand)
 u - a +4 ring of dexterity (right hand)
Scrolls
 b - a scroll of magic mapping
 g - a scroll of remove curse
 y - 2 scrolls of amnesia
Potions
 k - a potion of cancellation
 q - a potion of flight
 t - a potion of curing
 v - a potion of magic
Comestibles
 a - 3 chunks of flesh
 f - 9 rations


   Skills:
 + Level 6.0 Fighting
 * Level 10.3 Polearms
 - Level 4.0 Throwing
 - Level 2.6 Dodging
 - Level 1.1 Stealth


You had 7 spell levels left.
You didn't know any spells.
Your spell library was empty.

Dungeon Overview and Level Annotations

Branches:
Dungeon (6/15)
 Temple: D:4-7

Altars:
Cheibriados
Kikubaaqudgha
Makhleb
Nemelex Xobeh
Ru
Sif Muna
Yredelemnul
Zin

Annotations:
D:1 exclusion: downstairs
D:2 come back when DIGGGG, exclusion: downstairs
D:5 1 runed door, exclusion: 2 downstairs, Nib's ghost, novice GnIE
D:6 Edmund; Menkaure


Innate Abilities, Weirdness & Mutations

You revert to your normal form in water.
You are very nimble and swift while swimming.
You are very stealthy in the water. (Stealth+)
You have a pair of small horns on your head.
You expend magic power (3 MP) to strengthen your wands.


Message History

The creatures around you are filled with an inner flame!
It was a scroll of immolation.
The bullfrog hits you but does no damage.
As you read the scroll labeled LECHERE TAPS, it crumbles to dust.
It is a scroll of enchant armour.
Your +0 pair of gloves glows green for a moment.
The bullfrog hits you but does no damage. x2
You feel extremely strange.
You feel less resistant to hostile enchantments.
You feel less repulsive.
You feel stupid. A pair of horns grows on your head!
You feel your magical essence link to your wands.
The bullfrog barely misses you.
You hit the bullfrog.
The bullfrog is almost dead.
The bullfrog barely misses you.
You puncture the bullfrog!
The bullfrog explodes!
The fiery explosion engulfs you!
Ouch! That really hurt!
You die...

#.<.# .# ##..O?..# ## .#.
@....... #. ... .##.###..
#########.##. #.# .#
#.##... #....M....##.##
#.# h. .......
#.#######.....##
#.######...#... #.#
#.§####............>. #.#
#.§§@.............#.. #.#
#.###.§####.#####†.......
#.# #.....## #.#
##...##.. #.# ###.#.##
#F# #.## #.# #..#.## #.#
.# #.#### #..###F###.# ..
#....# .......#.##(# #.
####.# #...P.P..#.#.# ..
#.# #.#.._...##).# ..


There were no monsters in sight!

Vanquished Creatures
  An ice beast (D:6)
  A centaur (D:6)
  2 bullfrogs
  A scorpion (D:3)
  A bullfrog zombie (D:5)
  A hound (D:6)
  A gnoll shaman (D:3)
  An orc priest (D:3)
  Ijyb (D:2)
  3 iguanas (D:5)
  3 orc wizards
  A worker ant (D:6)
  Robin (D:3)
  10 adders
  3 gnolls
  A shadow imp (D:5)
  An ooze (D:3)
  An adder skeleton (D:5)
  A worm (D:3)
  4 dart slugs
  3 leopard geckos
  15 orcs
  2 ball pythons
  6 giant cockroaches
  14 goblins
  12 hobgoblins
  5 kobolds
  3 quokkas
  6 bats
  A frilled lizard (D:4)
  A quokka skeleton (D:4)
  6 rats
113 creatures vanquished.

Notes
Turn   | Place    | Note
-------+----------+-------------------------------------------
     0 | D:1      | Rhok the Merfolk Hunter began the quest for the Orb.
     0 | D:1      | Reached XP level 1. HP: 16/16 MP: 1/1
   305 | D:1      | Reached skill level 1 in Polearms
   420 | D:1      | Reached XP level 2. HP: 23/23 MP: 2/2
   458 | D:1      | Reached skill level 2 in Polearms
   869 | D:2      | Reached XP level 3. HP: 27/28 MP: 3/3
   901 | D:2      | Reached skill level 3 in Polearms
   932 | D:2      | Found a sparkling altar of Nemelex Xobeh.
  1347 | D:2      | Reached skill level 4 in Polearms
  1356 | D:1      | Reached XP level 4. HP: 13/35 MP: 4/4
  1902 | D:2      | Found a snail-covered altar of Cheibriados.
  2172 | D:2      | Found a glowing silver altar of Zin.
  2308 | D:3      | Noticed Robin
  2481 | D:3      | Noticed a hippogriff
  2488 | D:3      | HP: 1/35 [hippogriff (5)]
  2557 | D:3      | You fall through a shaft for 2 floors!
  2557 | D:5      | Entered Level 5 of the Dungeon
  2557 | D:5      | Noticed a bullfrog
  2935 | D:5      | Reached skill level 5 in Polearms
  2935 | D:5      | Reached XP level 5. HP: 18/42 MP: 5/5
  3261 | D:5      | Reached skill level 6 in Polearms
  3613 | D:5      | Found a burning altar of Makhleb.
  3615 | D:5      | Found a runed door.
  3656 | D:5      | Became a worshipper of Makhleb the Destroyer
  3776 | D:5      | HP: 3/63 [iguana (3)]
  3778 | D:5      | Reached XP level 6. HP: 3/48 MP: 6/6
  4367 | D:3      | Found a sacrificial altar of Ru.
  4850 | D:3      | Noticed Ijyb
  4903 | D:2      | Killed Ijyb
  4903 | D:2      | Reached skill level 7 in Polearms
  5199 | D:3      | Killed Robin
  5848 | D:3      | Found a deep blue altar of Sif Muna.
  6836 | D:3      | Reached skill level 8 in Polearms
  6836 | D:3      | Reached XP level 7. HP: 22/55 MP: 7/7
  7207 | D:3      | Reached skill level 5 in Fighting
  7930 | D:5      | Noticed Nib's ghost (novice GnIE)
  8140 | D:5      | Found an ancient bone altar of Kikubaaqudgha.
  8220 | D:5      | Reached * piety under Makhleb
  8673 | D:5      | Reached skill level 9 in Polearms
  8818 | D:6      | Noticed Edmund
  9393 | D:6      | Noticed Menkaure
  9429 | D:6      | Reached skill level 10 in Polearms
  9429 | D:6      | Reached XP level 8. HP: 12/64 MP: 8/8
  9605 | D:6      | Found a basalt altar of Yredelemnul.
  9622 | D:6      | Gained mutation: Your mind is acute. (Int +2) [potion of mutation]
  9622 | D:6      | Gained mutation: You are resistant to hostile enchantments. (MR+) [potion of mutation]
  9622 | D:6      | Gained mutation: You are surrounded by a mild repulsion field. (EV +2) [potion of mutation]
  9630 | D:6      | Lost mutation: You are resistant to hostile enchantments. (MR+) [potion of mutation]
  9630 | D:6      | Lost mutation: You are surrounded by a mild repulsion field. (EV +2) [potion of mutation]
  9630 | D:6      | Lost mutation: Your mind is acute. (Int +2) [potion of mutation]
  9630 | D:6      | Gained mutation: You have a pair of small horns on your head. [potion of mutation]
  9630 | D:6      | Gained mutation: You expend magic power (3 MP) to strengthen your wands. [potion of mutation]
  9632 | D:6      | Killed from afar by a bullfrog

Vault maps used:
D:1:      lemuel_arrival_room, minmay_heptomino_h4
D:2:      nemelex_xobeh_ov_fountains_minmay, zin_treasury, lemuel_doored_altar,
          nicolae_overflow_hidden_temple, serial_forest,
          infiniplex_forest_end_2, infiniplex_forest_clump_double,
          infiniplex_forest_lined_ring, infiniplex_forest_straight_4,
          kennysheep_generic_room_10
D:3:      lemuel_blue_sif_altar, first_ration, nicolae_ru_sacrificial_ziggurat,
          uniq_robin, uniq_ijyb
D:5:      kiku_gazebo_garden_becter, lemuel_coloured_pillars_altar,
          gammafunk_ghost_grave, patterned_corridor
D:6:      yredelemnul_altar_generic, minitemple, tgw_xom, uniq_sigmund,
          uniq_edmund, uniq_menkaure, uniq_prince_ribbit1

Skill      XL: |  1  2  3  4  5  6  7  8 |
---------------+-------------------------+-----
Polearms       | 1 2 4 5 6 8 10 | 10.3
Fighting       | 3 4 5 6 |  6.0
Throwing       | |  4.0
Dodging        | |  2.6
Stealth        | |  1.1

Action                   |  1- 3 |  4- 6 |  7- 9 || total
-------------------------+-------+-------+-------++-------
Melee: Spear             |   115 |   379 |    39 ||   533
       Short sword       |     7 |       |       ||     7
       Dagger            |       |    21 |   208 ||   229
Evoke: Wand              |       |       |     7 ||     7
  Use: Potion            |     1 |     3 |     4 ||     8
       Scroll            |       |    10 |     5 ||    15
 Stab: Sleeping          |     1 |     2 |       ||     3
       Distracted        |       |     1 |       ||     1
  Eat: Chunk             |     1 |     8 |     9 ||    18
       Ration            |       |     3 |       ||     3
Armor: Leather armour    |    20 |    33 |       ||    53
       Skin              |       |    20 |       ||    20
       Ring mail         |       |    20 |       ||    20
       Scale mail        |       |     9 |    85 ||    94
Dodge: Dodged            |    92 |   156 |   107 ||   355

Table legend:
 A = Spawn XP
 B = Non-spawn XP
 C = Spawn XP percentage of total XP
 D = Spawn monster count
 E = Non-spawn monster count
 F = Spawn count percentage of total count
 G = Total turns spent on level
                    A         B        C        D         E        F      G
               +---------+---------+-------+---------+---------+-------+---------
         Total |       0 |    1342 |   0.0 |       0 |     113 |   0.0 |  9632
               +---------+---------+-------+---------+---------+-------+---------
           D:1 |       0 |      34 |   0.0 |       0 |      17 |   0.0 |  1445
           D:2 |       0 |     156 |   0.0 |       0 |      28 |   0.0 |  1618
           D:3 |       0 |     299 |   0.0 |       0 |      31 |   0.0 |  2567
           D:4 |       0 |      57 |   0.0 |       0 |      13 |   0.0 |   770
           D:5 |       0 |     374 |   0.0 |       0 |      15 |   0.0 |  2647
           D:6 |       0 |     422 |   0.0 |       0 |       9 |   0.0 |   585
               +---------+---------+-------+---------+---------+-------+---------
